[Event "Titled Tuesday Blitz April 18 Late 2023"]
[White "Perske, Thore"]
[Black "Hansen, Eric"]
[WhiteFideId "12902195"]
[BlackFideId "2606771"]
[WhiteElo "2336"]
[BlackElo "2561"]
[Result "0-1"]
[Round "02"]
[TimeControl "180+2"]
[Date "2023.04.18"]
[WhiteClock "0:00:06"]
[BlackClock "0:00:14"]

1. d4 Nf6 2. g3 d5 3. Bg2 c6 4. Nf3 Bf5 5. c4 e6 6. Nc3 Nbd7 7. Nh4 Bg4 8. h3 Bh5 9. g4 Bg6 10. Qb3 Qb6 11. Nxg6 hxg6 12. Bf4 Bb4 13. c5 Qa5 14. O-O b6 15. Na4 bxc5 16. a3 Bd2 17. Bxd2 Qxd2 18. dxc5 O-O 19. Qd3 Qf4 20. b4 a5 21. e3 Ne5 22. Qe2 Qc4 23. Qb2 Nd3 24. Qd2 Ne4 25. Bxe4 Qxe4 26. f3 Qe5 27. Kg2 axb4 28. axb4 Rxa4 29. Rxa4 Nb2 30. Ra6 Nc4 31. Qe2 Nxe3+ 32. Kf2 d4 33. Rfa1 Kh7 34. Ke1 d3 35. Qf2 Nc2+ 36. Kd2 Nxa1 0-1


[Site "https://www.chess.com"]

[Event "Titled Tuesday Blitz April 18 Late 2023"]
[White "Bartel, Mateusz"]
[Black "Melikyan, Gnel"]
[WhiteFideId "1112635"]
[BlackFideId "54109990"]
[WhiteElo "2521"]
[BlackElo "2138"]
[Result "1-0"]
[Round "02"]
[TimeControl "180+2"]
[Date "2023.04.18"]
[WhiteClock "0:00:30"]
[BlackClock "0:00:10"]

1. d4 Nf6 2. Nf3 g6 3. Nbd2 d5 4. e3 Bg7 5. b4 O-O 6. Bb2 c6 7. c4 a5 8. b5 dxc4 9. Bxc4 Nd5 10. bxc6 Nxc6 11. O-O Rb8 12. Qb3 Nc7 13. a4 e6 14. Ba3 Re8 15. Ne4 Bf8 16. Ne5 Nb4 17. f4 b5 18. axb5 Bb7 19. Ng5 f6 20. Nxe6 Nxe6 21. Bxe6+ Kg7 22. Nf3 Qb6 23. Bc4 Rbc8 24. Bxb4 Bxb4 25. Kh1 Qc7 26. Be6 Qc3 27. Qxc3 Rxc3 28. d5 Rxe3 29. Nd4 Rd3 30. Nc6 Bd2 31. Rfd1 Ra8 32. Ra2 1-0


[Site "https://www.chess.com"]

[Event "Titled Tuesday Blitz April 18 Late 2023"]
[White "Rosen, Eric"]
[Black "Rustemov, Alexander"]
[WhiteFideId "2032562"]
[BlackFideId "4119002"]
[WhiteElo "2331"]
[BlackElo "2869"]
[Result "1-0"]
[Round "02"]
[TimeControl "180+2"]
[Date "2023.04.18"]
[WhiteClock "0:00:06"]
[BlackClock "0:00:36"]

1. e4 e6 2. d4 d5 3. e5 c5 4. c3 Qb6 5. Nf3 Bd7 6. Bd3 cxd4 7. O-O Nc6 8. Re1 Nge7 9. a3 Rc8 10. b4 a6 11. Bb2 dxc3 12. Nxc3 Ng6 13. h4 Be7 14. h5 Nf4 15. Bf1 Nxh5 16. Qd2 O-O 17. Na4 Qa7 18. Nc5 Bxc5 19. bxc5 Qxc5 20. Qg5 g6 21. g4 Ng3 22. Rac1 Qb6 23. Qh6 f6 24. exf6 Rf7 25. Rb1 Ne4 26. Rxe4 dxe4 27. Ng5 Rcf8 28. Nxh7 Rxh7 29. Qxg6+ Kh8 30. f7+ e5 31. Qf6+ Rg7 32. Qh6+ Rh7 33. Qxf8# 1-0


[Site "https://www.chess.com"]

[Event "Titled Tuesday Blitz April 18 Late 2023"]
[White "Popovic, Dusan"]
[Black "Osmak, Yuliia"]
[WhiteFideId "927031"]
[BlackFideId "14101602"]
[WhiteElo "2573"]
[BlackElo "2291"]
[Result "1-0"]
[Round "02"]
[TimeControl "180+2"]
[Date "2023.04.18"]
[WhiteClock "0:00:19"]
[BlackClock "0:00:01"]

1. g3 d5 2. Bg2 e5 3. d3 c6 4. Nf3 Bd6 5. O-O Nf6 6. Nc3 O-O 7. e4 dxe4 8. dxe4 Bg4 9. h3 Bh5 10. Qe1 Nbd7 11. Nh4 Re8 12. Nf5 Bc5 13. Kh1 Bg6 14. Nh4 a5 15. Nxg6 hxg6 16. Bg5 a4 17. Rd1 Qb6 18. b3 axb3 19. axb3 Bb4 20. Bd2 Qa5 21. Qe3 Qc5 22. Qf3 Nf8 23. Na4 Qe7 24. c3 Ba5 25. Be3 Ne6 26. b4 Bc7 27. Nc5 Nxc5 28. Bxc5 Qe6 29. Rd2 Rad8 30. Rfd1 b6 31. Be3 Qc4 32. Bg5 Rxd2 33. Rxd2 Rd8 34. Rxd8+ Bxd8 35. Kg1 Be7 36. Bf1 Qb3 37. Qd3 Qe6 38. h4 Nd7 39. Be3 b5 40. Kh2 Nf6 41. Bh3 Ng4+ 42. Kg1 f5 43. Bb6 Qd6 44. Qxd6 Bxd6 45. f3 Nh6 46. Be3 Kf7 47. Kf1 Ke7 48. Ke2 Kf6 49. Bg5+ Ke6 50. Kd3 Nf7 51. Be3 Nd8 52. h5 gxh5 53. Bg5 g6 54. Bxd8 Bf8 55. Bg5 Bg7 56. g4 Bf8 57. gxh5 gxh5 58. exf5+ 1-0


[Site "https://www.chess.com"]

[Event "Titled Tuesday Blitz April 18 Late 2023"]
[White "Omranalhosani21"]
[Black "Karacsonyi, Gellert"]
[BlackFideId "764620"]
[WhiteElo "2564"]
[BlackElo "2308"]
[Result "0-1"]
[Round "02"]
[TimeControl "180+2"]
[Date "2023.04.18"]
[WhiteClock "0:00:05"]
[BlackClock "0:00:32"]

1. Nf3 Nf6 2. g3 e6 3. Bg2 d5 4. d4 Be7 5. O-O O-O 6. c4 dxc4 7. Qc2 a6 8. a4 Bd7 9. Qxc4 Bc6 10. Nc3 b5 11. Qd3 b4 12. Nb1 Be4 13. Qd1 c5 14. Nbd2 Bc6 15. dxc5 Bxc5 16. Nb3 Ba7 17. Qxd8 Rxd8 18. Bg5 Nbd7 19. Rfc1 Bd5 20. Nbd4 h6 21. Be3 Ng4 22. Nc2 Nxe3 23. Nxe3 Bxe3 24. fxe3 Rac8 25. Nd4 Nc5 26. Rc2 Nb3 27. Rxc8 Rxc8 28. Bxd5 Nxa1 29. Bb7 Rc1+ 30. Kf2 Rb1 31. Bxa6 Rxb2 32. Bc4 Nc2 33. Nc6 Rb1 34. a5 Ra1 35. Bb3 Na3 36. Nxb4 Rb1 37. a6 Nb5 38. Nc2 Rxb3 0-1


[Site "https://www.chess.com"]

[Event "Titled Tuesday Blitz April 18 Late 2023"]
[White "Bayramov, Zaur"]
[Black "Drygalov, Andrey"]
[WhiteFideId "13405080"]
[BlackFideId "24171735"]
[WhiteElo "2195"]
[BlackElo "2466"]
[Result "0-1"]
[Round "02"]
[TimeControl "180+2"]
[Date "2023.04.18"]
[WhiteClock "0:00:33"]
[BlackClock "0:00:34"]

1. c4 e5 2. Nc3 Nf6 3. g3 d5 4. cxd5 Nxd5 5. Bg2 Nb6 6. Nf3 Nc6 7. O-O Be7 8. d3 O-O 9. Be3 Re8 10. Rc1 Bf8 11. a3 Bg4 12. Ne4 Nd4 13. Bxd4 exd4 14. Nc5 Bxc5 15. Rxc5 c6 16. Re1 Qd6 17. Qc1 Re7 18. Rg5 Bd7 19. Nd2 f5 20. Nc4 Nxc4 21. Qxc4+ Be6 22. Qc1 h6 23. Rh5 Bf7 24. Rxf5 Rae8 25. Bf3 Bg6 26. Rf4 Bxd3 27. Qd2 Be4 28. Bxe4 Rxe4 29. Rxe4 Rxe4 30. Qd3 Qd5 31. Rc1 Re7 32. b4 Rd7 33. Rc5 Qe6 34. b5 cxb5 35. Qxb5 Re7 36. Rc2 Qe4 37. Rd2 Rc7 38. Qb3+ Kh8 39. Qd1 Rc4 40. h4 Qc6 41. Qb3 Rc3 0-1


[Site "https://www.chess.com"]

[Event "Titled Tuesday Blitz April 18 Late 2023"]
[White "Kravtsiv, Martyn"]
[Black "Ahn, Hongjin"]
[WhiteFideId "14113147"]
[BlackFideId "13201492"]
[WhiteElo "2695"]
[BlackElo "2182"]
[Result "1-0"]
[Round "02"]
[TimeControl "180+2"]
[Date "2023.04.18"]
[WhiteClock "0:01:00"]
[BlackClock "0:00:08"]

1. e4 c5 2. Nf3 Nf6 3. Nc3 d5 4. exd5 Nxd5 5. Bb5+ Bd7 6. Ne5 Nf6 7. a4 a6 8. Bxd7+ Nbxd7 9. Nc4 Qc7 10. O-O e6 11. d3 Be7 12. Qf3 O-O 13. Re1 Nb6 14. Bf4 Qd8 15. Qxb7 Nbd5 16. Nxd5 Nxd5 17. Bg3 Nb4 18. Re2 Bf6 19. Bd6 Re8 20. Bxc5 Rb8 21. Qf3 Nd5 22. c3 Rb3 23. Ba3 Qd7 24. Nd2 Rbb8 25. Ne4 Be7 26. Bxe7 Qxe7 27. h3 Red8 28. d4 Nb6 29. Nc5 Nc4 30. b3 Na5 31. b4 Nc4 32. Nxa6 Ra8 33. Nc5 Qc7 34. a5 Nd6 35. Rae1 Nf5 36. Re5 Nh4 37. Qb7 Qd6 38. Qe4 Ng6 39. Nb7 Qc7 40. Rc5 Qe7 41. Nxd8 Rxd8 42. a6 Qa7 43. Qb7 1-0


[Site "https://www.chess.com"]

[Event "Titled Tuesday Blitz April 18 Late 2023"]
[White "Indjic, Aleksandar"]
[Black "Fiorito, Francisco"]
[WhiteFideId "911925"]
[BlackFideId "180165"]
[WhiteElo "2614"]
[BlackElo "2341"]
[Result "1-0"]
[Round "02"]
[TimeControl "180+2"]
[Date "2023.04.18"]
[WhiteClock "0:00:46"]
[BlackClock "0:00:23"]

1. e4 c5 2. Nf3 Nc6 3. Bb5 g6 4. Bxc6 dxc6 5. O-O Bg7 6. h3 Qc7 7. a4 a5 8. d3 e5 9. Nbd2 Ne7 10. Nc4 O-O 11. Be3 b6 12. Re1 f6 13. c3 Rd8 14. Qb3 Be6 15. Qxb6 Qd7 16. Red1 Bf8 17. Qb3 Nc8 18. Qc2 Qf7 19. Ncd2 Rb8 20. d4 cxd4 21. cxd4 exd4 22. Nxd4 Ne7 23. Nxe6 Qxe6 24. Nc4 f5 25. Rxd8 Rxd8 26. Nxa5 fxe4 27. b4 Rc8 28. Bc5 Bg7 29. Re1 Nd5 30. Qxe4 Qf7 31. Qe6 Bc3 32. Qxf7+ Kxf7 33. Re4 h5 34. g3 g5 35. Kg2 Bf6 36. Nb7 Kg6 37. a5 Rb8 38. Nd6 Bc3 39. Re6+ Kh7 40. Ne4 Bxb4 41. Nxg5+ Kg7 42. Bd4+ Kg8 43. Rxc6 Bxa5 44. Rc5 Bb6 45. Rxd5 Bxd4 46. Rxd4 Kg7 47. Rd6 Rb2 1-0


[Site "https://www.chess.com"]

[Event "Titled Tuesday Blitz April 18 Late 2023"]
[White "Cremisi, Daniel"]
[Black "Baskakov, Egor"]
[WhiteFideId "2089882"]
[BlackFideId "24197866"]
[WhiteElo "2172"]
[BlackElo "2212"]
[Result "0-1"]
[Round "02"]
[TimeControl "180+2"]
[Date "2023.04.18"]
[WhiteClock "0:00:45"]
[BlackClock "0:00:17"]

1. d4 Nf6 2. c4 e6 3. Nf3 d5 4. Nc3 Ne4 5. Qc2 f5 6. cxd5 exd5 7. Bf4 c6 8. e3 Be7 9. Bd3 O-O 10. O-O Be6 11. Ne5 Nd7 12. Nxd7 Qxd7 13. f3 Nxc3 14. bxc3 Bd6 15. Bxd6 Qxd6 16. e4 fxe4 17. fxe4 dxe4 18. Bxe4 h6 19. Rae1 Bc4 20. Bh7+ Kh8 21. Bd3 Qd5 22. Bxc4 Qxc4 23. Rxf8+ Rxf8 24. h3 Qd5 25. Qe2 c5 26. Qe7 Rc8 27. Re5 Qxa2 28. Rxc5 Rxc5 29. Qxc5 Qb1+ 30. Kh2 b6 31. Qe5 Qg6 32. d5 Qf7 33. d6 a5 34. Qd4 Qd7 35. Qxb6 Qf5 36. Qd4 Qd7 37. Qe4 a4 38. Qe7 Qf5 39. d7 Qf4+ 40. Kg1 Qc1+ 41. Kf2 Qf4+ 42. Ke2 Qc4+ 43. Kd2 Qf4+ 44. Kc2 Qf2+ 45. Kb1 Qf1+ 46. Kb2 Qb5+ 47. Kc2 Qf5+ 48. Kd2 Qf4+ 49. Kd3 Qf1+ 50. Kd4 Qf4+ 51. Kc5 Qc7+ 52. Kd5 Qb7+ 53. Ke6 Qb3+ 54. Kf5 Qd5+ 55. Kg6 Qxg2+ 56. Kf7 Qd5+ 57. Kf8 Qg8# 0-1


[Site "https://www.chess.com"]

[Event "Titled Tuesday Blitz April 18 Late 2023"]
[White "Quesada Perez, Yasser"]
[Black "Bilan, Danila"]
[WhiteFideId "3509362"]
[BlackFideId "24161918"]
[WhiteElo "2496"]
[BlackElo "2182"]
[Result "1-0"]
[Round "02"]
[TimeControl "180+2"]
[Date "2023.04.18"]
[WhiteClock "0:00:18"]
[BlackClock "0:00:02"]

1. d4 d5 2. Bf4 Nf6 3. e3 c5 4. Nf3 Nc6 5. Nbd2 cxd4 6. exd4 Bg4 7. c3 e6 8. Qb3 Qc8 9. Bd3 Be7 10. O-O O-O 11. Rae1 Bh5 12. h3 Bg6 13. Bxg6 hxg6 14. Ne5 a6 15. Qd1 b5 16. a3 a5 17. Ndf3 b4 18. axb4 axb4 19. Nxc6 Qxc6 20. Ne5 Qb5 21. Re3 bxc3 22. bxc3 Ra3 23. Bg5 Rfa8 24. Rfe1 Qb2 25. Qf3 Ra1 26. Nc6 Rxe1+ 27. Rxe1 Qb7 28. Nxe7+ Qxe7 29. c4 Qb4 30. Rc1 Ne4 31. Be3 Nd2 32. Bxd2 Qxd2 33. Rd1 Qa5 34. c5 Qa4 35. Rd3 Qa1+ 36. Kh2 Ra4 37. Qf4 Rc4 38. Rf3 Qa7 39. h4 f6 40. g3 Qf7 41. Qb8+ Kh7 42. Rf4 Qd7 43. Qb1 1-0


[Site "https://www.chess.com"]

[Event "Titled Tuesday Blitz April 18 Late 2023"]
[White "Sanchez Alvares, Kelvin Antonio"]
[Black "Costachi, Mihnea"]
[WhiteFideId "3906680"]
[BlackFideId "1217518"]
[WhiteElo "2217"]
[BlackElo "2456"]
[Result "0-1"]
[Round "02"]
[TimeControl "180+2"]
[Date "2023.04.18"]
[WhiteClock "0:01:39"]
[BlackClock "0:00:35"]

1. e4 e5 2. Nf3 Nc6 3. d4 exd4 4. Nxd4 Nf6 5. Nxc6 bxc6 6. e5 Qe7 7. Qe2 Nd5 8. c4 Nb6 9. Nc3 a5 10. Qe4 Ba6 11. Bd3 g6 12. O-O Bg7 13. Bf4 O-O 14. Rfe1 Rfe8 15. Bg3 Qb4 16. c5 Bxd3 17. Qxd3 Qxc5 18. Rad1 Bxe5 19. Ne4 Qd5 20. Bxe5 Qxe5 21. Qf3 f5 22. Qb3+ Nd5 23. f4 Qe7 24. Rxd5 cxd5 25. Qxd5+ Kf8 26. Qd4 fxe4 27. Qh8+ Kf7 28. Qxh7+ Kf6 0-1


[Site "https://www.chess.com"]

[Event "Titled Tuesday Blitz April 18 Late 2023"]
[White "Salik, Serkan"]
[Black "Xiong, Jeffery"]
[WhiteFideId "30952492"]
[BlackFideId "2047640"]
[WhiteElo "2546"]
[BlackElo "2726"]
[Result "0-1"]
[Round "02"]
[TimeControl "180+2"]
[Date "2023.04.18"]
[WhiteClock "0:01:37"]
[BlackClock "0:01:59"]

1. d4 d5 2. c4 e6 3. Nc3 Nf6 4. cxd5 exd5 5. Bg5 c6 6. Qc2 Bd6 7. e3 O-O 8. Bd3 h6 9. Bh4 Re8 10. Nf3 Be6 11. O-O Nbd7 12. h3 Qc7 13. Ne2 Ne4 14. Bxe4 dxe4 15. Nd2 Bd5 16. Bg3 Bxg3 17. Nxg3 Nf6 18. b4 a6 19. a4 Rec8 20. Rfc1 Qe7 21. Qc5 Qe6 22. Rc3 Nd7 0-1


[Site "https://www.chess.com"]

[Event "Titled Tuesday Blitz April 18 Late 2023"]
[White "Kowalski, Igor"]
[Black "koncheto"]
[WhiteFideId "1172468"]
[WhiteElo "2392"]
[BlackElo "2542"]
[Result "1-0"]
[Round "02"]
[TimeControl "180+2"]
[Date "2023.04.18"]
[WhiteClock "0:00:51"]
[BlackClock "0:00:04"]

1. Nf3 Nf6 2. d4 e6 3. Bf4 c5 4. c3 d5 5. Nbd2 Bd6 6. Bg3 Qc7 7. e3 Nbd7 8. Bb5 O-O 9. Bxd7 Nxd7 10. Bxd6 Qxd6 11. O-O e5 12. dxe5 Nxe5 13. Qa4 Bd7 14. Qf4 Rfe8 15. Rad1 Bc6 16. Nxe5 Qxe5 17. Qxe5 Rxe5 18. Rfe1 Kf8 19. f3 Rd8 20. Kf2 b6 21. b3 h5 22. h4 f6 23. Nf1 g5 24. Ng3 gxh4 25. Ne2 Rde8 26. Nf4 Kg7 27. c4 d4 28. e4 Kh6 29. Nd3 R5e7 30. Rh1 Kg5 31. Rh2 f5 32. e5 f4 33. Rdh1 Rxe5 34. Nxe5 Rxe5 35. Rxh4 d3 36. Rxh5+ Kf6 37. Rh6+ Kf5 38. R1h5# 1-0


[Site "https://www.chess.com"]

[Event "Titled Tuesday Blitz April 18 Late 2023"]
[White "angelgab3"]
[Black "Smirnov, Pavel"]
[BlackFideId "4123425"]
[WhiteElo "2538"]
[BlackElo "2519"]
[Result "0-1"]
[Round "02"]
[TimeControl "180+2"]
[Date "2023.04.18"]
[WhiteClock "0:00:04"]
[BlackClock "0:00:06"]

1. e4 e5 2. Nf3 Nc6 3. Bb5 a6 4. Ba4 Nf6 5. O-O Be7 6. Re1 b5 7. Bb3 O-O 8. a4 b4 9. d4 d6 10. dxe5 Nxe5 11. Nxe5 dxe5 12. Qe2 Bc5 13. Be3 Bd4 14. Nd2 Bxb2 15. Rad1 Qe7 16. Qc4 Be6 17. Qc5 Qxc5 18. Bxc5 Rfb8 19. Bxe6 fxe6 20. Nb3 Bc3 21. Re3 Rd8 22. Rdd3 Rxd3 23. Rxd3 Nxe4 24. Rd7 Rc8 25. Re7 Nxc5 26. Nxc5 Rd8 27. g3 Rd2 28. Nxe6 Rxc2 29. Rxg7+ Kh8 30. Rxc7 h5 31. Rb7 a5 32. Nc5 Bd4 33. Ne4 Rc6 34. h3 Kg8 35. g4 hxg4 36. hxg4 Rb6 37. Rxb6 Bxb6 38. Kf1 b3 39. Nd2 b2 40. f3 Be3 41. Nb1 Kf7 42. Ke2 Bd4 43. Kd1 Kg6 44. Kc2 Kg5 45. Nd2 Kf4 46. Nc4 Kxf3 47. g5 e4 48. Nxa5 e3 49. Nb3 Bc3 50. Nc5 e2 51. Nd3 Ke3 52. g6 b1=Q+ 0-1


[Site "https://www.chess.com"]

[Event "Titled Tuesday Blitz April 18 Late 2023"]
[White "Kushko, Dmitriy"]
[Black "Aggelis, Nikolaos"]
[WhiteFideId "14162261"]
[BlackFideId "4213220"]
[WhiteElo "2230"]
[BlackElo "2189"]
[Result "1-0"]
[Round "02"]
[TimeControl "180+2"]
[Date "2023.04.18"]
[WhiteClock "0:00:44"]
[BlackClock "0:00:34"]

1. f4 e5 2. fxe5 d6 3. exd6 Bxd6 4. Nf3 Nf6 5. e3 Ng4 6. d4 Nxh2 7. Nxh2 Qh4+ 8. g3 Bxg3+ 9. Kd2 Bxh2 10. Qe2 Nc6 11. Qxh2 Qe7 12. Nc3 Be6 13. b3 O-O-O 14. Bb2 h5 15. Re1 g5 16. Kc1 Bg4 17. Bg2 f5 18. Nd5 Qd6 19. Qxd6 Rxd6 20. c4 h4 21. e4 f4 22. Reg1 Rg6 23. Bh3 Bxh3 24. Nxf4 gxf4 25. Rxg6 Bd7 26. d5 Re8 27. dxc6 Bxc6 28. Rxh4 Bxe4 29. Rg1 f3 30. Re1 f2 31. Rf1 Rf8 32. Rxe4 1-0


[Site "https://www.chess.com"]

[Event "Titled Tuesday Blitz April 18 Late 2023"]
[White "Tomaszewski, Kacper"]
[Black "Beerdsen, Thomas"]
[WhiteFideId "1127373"]
[BlackFideId "1030108"]
[WhiteElo "2211"]
[BlackElo "2547"]
[Result "0-1"]
[Round "02"]
[TimeControl "180+2"]
[Date "2023.04.18"]
[WhiteClock "0:00:09"]
[BlackClock "0:00:38"]

1. c4 Nf6 2. Nc3 a6 3. d4 b5 4. cxb5 axb5 5. Nxb5 e5 6. dxe5 Ne4 7. Qd4 Bb7 8. e3 Bc5 9. Qc4 O-O 10. f3 d5 11. exd6 cxd6 12. fxe4 Qh4+ 13. Kd1 Nc6 14. Nf3 Qh5 15. Qd5 Qg6 16. Qf5 Qh6 17. Nc7 Rac8 18. Nd5 Rfe8 19. Ng5 Ne5 20. Be2 Rb8 21. Nf3 Bc8 22. Qf4 Qe6 23. Ng5 Qg6 24. Qh4 h6 25. Nf3 Bg4 26. Qg3 Qxe4 27. Nc3 Qf5 28. Nh4 Qd3+ 29. Ke1 Bxe2 30. Nxe2 Qc2 31. Kf2 Nd3+ 32. Kf1 Qd1+ 0-1


[Site "https://www.chess.com"]

[Event "Titled Tuesday Blitz April 18 Late 2023"]
[White "Timmermans, Mark"]
[Black "Al-Tarboush, Ward"]
[WhiteFideId "1026399"]
[BlackFideId "7601450"]
[WhiteElo "2460"]
[BlackElo "2265"]
[Result "0-1"]
[Round "02"]
[TimeControl "180+2"]
[Date "2023.04.18"]
[WhiteClock "0:00:04"]
[BlackClock "0:00:03"]

1. e4 c5 2. Nf3 Nc6 3. d4 cxd4 4. Nxd4 Nf6 5. Nc3 e5 6. Ndb5 d6 7. Bg5 a6 8. Na3 b5 9. Bxf6 gxf6 10. Nd5 f5 11. exf5 Bxf5 12. Qf3 Nd4 13. Nc7+ Kd7 14. Qxa8 Qxc7 15. c3 b4 16. cxd4 bxa3 17. Qxa6 axb2 18. Qb5+ Ke7 19. Qxb2 Bh6 20. Be2 Rb8 21. Qa3 Ra8 22. Qf3 e4 23. Qg3 Qa5+ 24. Kf1 Bg6 25. h4 Qd2 26. Rd1 Qc2 27. h5 Rxa2 28. Re1 Bd2 29. hxg6 Bxe1 30. Qh4+ Kd7 31. Qg4+ Kc7 32. Rxh7 Bc3 33. Rxf7+ Kb6 34. g3 Ra1+ 35. Kg2 Qc1 36. Bd1 Bxd4 37. Qd7 Qxd1 38. Qb7+ Ka5 39. Qa8+ Kb4 40. Rb7+ Kc3 41. Qc8+ Kd3 42. Kh3 Qh5+ 43. Kg2 Qh1# 0-1


[Site "https://www.chess.com"]

[Event "Titled Tuesday Blitz April 18 Late 2023"]
[White "Taboas Rodriguez, Daniel"]
[Black "Llorente Zaro, Alfonso"]
[WhiteFideId "2208466"]
[BlackFideId "2254131"]
[WhiteElo "2365"]
[BlackElo "2485"]
[Result "0-1"]
[Round "02"]
[TimeControl "180+2"]
[Date "2023.04.18"]
[WhiteClock "0:00:19"]
[BlackClock "0:00:57"]

1. d4 Nf6 2. Nf3 e6 3. c4 d5 4. Nc3 dxc4 5. e3 a6 6. Bxc4 b5 7. Bd3 Bb7 8. O-O Nbd7 9. Qe2 c5 10. b3 Qb6 11. Bb2 Be7 12. Rad1 O-O 13. Ne5 cxd4 14. exd4 Rad8 15. Bb1 g6 16. Rd3 b4 17. Na4 Qb5 18. Qe3 Nxe5 19. dxe5 Rxd3 20. Bxd3 Qd5 21. f3 Nd7 22. Be4 Qb5 23. Rd1 Nc5 24. Nxc5 Bxc5 25. Bd4 Rd8 26. Rd2 Rxd4 27. Rxd4 Bxe4 28. Kh1 Qf1+ 0-1


[Site "https://www.chess.com"]

[Event "Titled Tuesday Blitz April 18 Late 2023"]
[White "Flores, Diego"]
[Black "Jimenez Almeida, Luis David"]
[WhiteFideId "108049"]
[BlackFideId "22242244"]
[WhiteElo "2613"]
[BlackElo "2245"]
[Result "1/2-1/2"]
[Round "02"]
[TimeControl "180+2"]
[Date "2023.04.18"]
[WhiteClock "0:00:11"]
[BlackClock "0:00:12"]

1. Nf3 g6 2. c4 Bg7 3. Nc3 f5 4. g3 d6 5. Bg2 Nc6 6. O-O e5 7. d3 h6 8. Rb1 a5 9. a3 Nf6 10. b4 axb4 11. axb4 O-O 12. b5 Ne7 13. Qb3 Be6 14. Nd2 Qc8 15. Nd5 Nfxd5 16. cxd5 Bd7 17. b6 Ra5 18. Nc4 Rb5 19. Qa2 Rxb1 20. Qxb1 f4 21. bxc7 Qxc7 22. Qb6 Qxb6 23. Nxb6 Bg4 24. f3 Bf5 25. g4 Nc8 26. gxf5 Nxb6 27. fxg6 Nxd5 28. Bh3 Rf6 29. Bd2 Rxg6+ 30. Kf2 Bf6 31. Rb1 Bh4+ 32. Kf1 Ne3+ 33. Bxe3 fxe3 34. Rxb7 Bf2 35. Bg2 Kf8 36. Rb4 d5 37. f4 Ra6 38. Bxd5 Rg6 39. Bg2 exf4 40. Rxf4+ Ke7 41. d4 Rb6 42. Bh3 Rg6 43. Bg2 Rb6 44. Be4 Rb4 45. Bd3 Ra4 46. Kg2 Ra5 47. Kf3 Rh5 48. Ke4 Rxh2 49. Kf5 Rh5+ 50. Kg6 Rd5 51. Bc4 Rd6+ 52. Kg7 Kd8 53. d5 Bg3 54. Rf8+ Kc7 55. Rf7+ Rd7 56. Kg6 Rxf7 57. Kxf7 h5 58. Bd3 Kd6 59. Be4 h4 60. Bg2 h3 61. Bxh3 Kxd5 62. Bg4 Ke5 63. Bf3 Kf4 64. Kg6 Bf2 65. Kf7 Bg3 66. Kg6 Bf2 67. Kf7 Bg3 1/2-1/2


[Site "https://www.chess.com"]

[Event "Titled Tuesday Blitz April 18 Late 2023"]
[White "Remolar Gallen, Jose"]
[Black "Boruchovsky, Avital"]
[WhiteFideId "2215187"]
[BlackFideId "2800055"]
[WhiteElo "2223"]
[BlackElo "2450"]
[Result "0-1"]
[Round "02"]
[TimeControl "180+2"]
[Date "2023.04.18"]
[WhiteClock "0:00:08"]
[BlackClock "0:00:49"]

1. d4 Nf6 2. c4 d6 3. Nc3 Nbd7 4. Nf3 e5 5. e4 g6 6. g3 Bg7 7. Bg2 O-O 8. O-O c6 9. h3 Qc7 10. Re1 a5 11. Be3 Re8 12. Qc2 a4 13. Rad1 exd4 14. Nxd4 Nc5 15. b4 axb3 16. axb3 h6 17. b4 Ne6 18. Nb3 Ra4 19. Qd2 Ng5 20. Nxa4 Nfxe4 21. Bb6 Qd7 22. Qf4 Be5 23. Qh4 Bf6 24. Nac5 Nxc5 25. Nxc5 Rxe1+ 26. Rxe1 dxc5 27. Qf4 Bc3 28. Rc1 Bd2 29. Rd1 Bxf4 30. Rxd7 Bxd7 31. gxf4 Nxh3+ 32. Bxh3 Bxh3 33. Bxc5 Be6 34. b5 Bxc4 35. bxc6 bxc6 36. Kh2 f6 37. Kg3 Kf7 38. Kf3 Ke6 39. Ke3 Kf5 40. Kf3 Bd5+ 41. Kg3 Ke4 42. Bf8 h5 43. Bg7 f5 44. Be5 c5 45. Kh4 c4 46. Kg5 Bf7 47. Kf6 h4 0-1


[Site "https://www.chess.com"]

[Event "Titled Tuesday Blitz April 18 Late 2023"]
[White "Milikow, Yoav"]
[Black "The_Sherman_Variation"]
[WhiteFideId "2822237"]
[WhiteElo "2410"]
[BlackElo "2516"]
[Result "0-1"]
[Round "02"]
[TimeControl "180+2"]
[Date "2023.04.18"]
[WhiteClock "0:02:09"]
[BlackClock "0:01:40"]

1. d4 Nf6 2. c4 c5 3. d5 b5 4. cxb5 e6 5. Nc3 exd5 6. Nxd5 Bb7 7. Nc3 d5 8. e3 d4 9. exd4 cxd4 10. Nce2 Bc5 11. Nf3 d3 12. Ng3 Qe7+ 13. Kd2 Bb4+ 14. Kxd3 Be4+ 15. Kc4 Qc5+ 16. Kb3 Bd5+ 17. Ka4 Nbd7 0-1


[Site "https://www.chess.com"]

[Event "Titled Tuesday Blitz April 18 Late 2023"]
[White "Przybylski, Wojciech"]
[Black "Peng, Li Min"]
[WhiteFideId "1117599"]
[BlackFideId "14112620"]
[WhiteElo "2222"]
[BlackElo "2436"]
[Result "0-1"]
[Round "02"]
[TimeControl "180+2"]
[Date "2023.04.18"]
[WhiteClock "0:00:15"]
[BlackClock "0:00:33"]

1. e4 Nc6 2. Nf3 d6 3. Nc3 Nf6 4. Bb5 g6 5. O-O Bg7 6. h3 O-O 7. d4 a6 8. Bxc6 bxc6 9. Qe2 Nd7 10. e5 a5 11. Rd1 Nb6 12. Bg5 Re8 13. b3 a4 14. Ne4 h6 15. Bh4 g5 16. Bg3 Bf5 17. c4 Qc8 18. b4 Nxc4 19. Nf6+ exf6 20. Qxc4 Be4 21. exd6 cxd6 22. Nd2 Bd5 23. Qd3 Re6 24. a3 f5 25. f4 Qa6 26. Qxf5 Bxd4+ 27. Kh2 Qe2 28. Rg1 Bxg1+ 29. Rxg1 Qxd2 30. fxg5 hxg5 31. b5 Re2 32. Qf1 cxb5 33. Be1 Rxg2+ 34. Rxg2 Qxg2+ 35. Qxg2 Bxg2 36. Kxg2 f5 37. Bb4 d5 38. Bd2 f4 39. h4 gxh4 40. Bxf4 Kf7 41. Bd6 Ke6 42. Bb4 Kf5 43. Kh3 Ke4 44. Kxh4 Rg8 45. Bd6 d4 0-1


[Site "https://www.chess.com"]

[Event "Titled Tuesday Blitz April 18 Late 2023"]
[White "Mekhitarian, Krikor Sevag"]
[Black "Bagrationi, Alexander"]
[WhiteFideId "2107660"]
[BlackFideId "14104954"]
[WhiteElo "2604"]
[BlackElo "2398"]
[Result "0-1"]
[Round "02"]
[TimeControl "180+2"]
[Date "2023.04.18"]
[WhiteClock "0:00:01"]
[BlackClock "0:00:10"]

1. Nf3 c5 2. c4 Nc6 3. Nc3 g6 4. e3 Bg7 5. d4 cxd4 6. exd4 d6 7. d5 Ne5 8. Nxe5 Bxe5 9. Be2 Bg7 10. O-O Nf6 11. Be3 O-O 12. Bd4 Bf5 13. Re1 Qa5 14. Bf1 e5 15. Be3 Rfc8 16. h3 a6 17. a3 Qd8 18. Rc1 h5 19. Qd2 Nd7 20. b4 a5 21. Nb5 Nb6 22. bxa5 Na4 23. Na7 Rc5 24. Bxc5 Nxc5 25. Nb5 Nb3 26. Qb4 Nxc1 27. Rxc1 Bf8 28. Qb3 Qxa5 29. Bd3 Qa4 30. Qb1 Bxd3 31. Qxd3 Rc8 32. g4 hxg4 33. hxg4 Bh6 34. Rc2 Qa6 35. Kg2 Bf4 36. Qb3 Kg7 37. Qb4 Rd8 38. Rc3 e4 39. Rc2 f5 40. Qc3+ Be5 41. Qe3 Rh8 42. Qg5 Rh2+ 43. Kg1 Qa5 44. Qe7+ Kh6 45. Re2 Qa4 46. Nc3 Qb3 47. Nxe4 fxe4 48. g5+ Kh5 49. Qh7+ Kg4 50. Rxe4+ Kf3 51. Re3+ Qxe3 52. Qf7+ Ke2 53. fxe3 Rh4 54. Qxg6 Rg4+ 55. Kh1 Kf3 56. Qf5+ Kg3 57. Kg1 Kh4+ 58. Kf1 Rxg5 59. Qf3 Rg3 60. Qf5 Rg5 0-1


[Site "https://www.chess.com"]

[Event "Titled Tuesday Blitz April 18 Late 2023"]
[White "liwadas82"]
[Black "Rozman, Levy"]
[BlackFideId "2039877"]
[WhiteElo "2513"]
[BlackElo "2376"]
[Result "1-0"]
[Round "02"]
[TimeControl "180+2"]
[Date "2023.04.18"]
[WhiteClock "0:00:39"]
[BlackClock "0:00:51"]

1. e4 c6 2. Nf3 d5 3. Nc3 a6 4. h3 g6 5. d4 Bg7 6. Bf4 dxe4 7. Nxe4 Nf6 8. Bd3 O-O 9. O-O Nxe4 10. Bxe4 Qb6 11. Rb1 Nd7 12. c3 Nf6 13. Bc2 Qa5 14. a3 Bf5 15. Be5 Bxc2 16. Qxc2 e6 17. Rfe1 Rac8 18. Qd2 Nd7 19. Bxg7 Kxg7 20. Ne5 Rcd8 21. Qf4 Nxe5 22. Rxe5 Rd5 23. Rbe1 Qb5 24. b4 Qc4 25. R1e3 Rfd8 26. h4 h6 27. Rf3 R8d7 28. Qf6+ Kg8 29. Rxe6 fxe6 30. Qxg6+ Rg7 31. Qe8+ Kh7 32. Rf8 Rgd7 33. Rh8+ Kg7 34. Qf8+ Kg6 35. Rxh6# 1-0


[Site "https://www.chess.com"]